 Dungeon Crawl Stone Soup version 0.26-a0-652-gafc20e3620 (webtiles) character file.

Game seed: 15148134183595673685

175 DoubleLucky the Caller (level 5, -17/28 HPs)
             Began as a Tengu Summoner on Oct 2, 2020.
             Demolished by an ogre
             ... wielding a cursed -2 giant club
              (26 damage)
             ... on level 4 of the Dungeon.
             The game lasted 00:20:01 (3949 turns).

DoubleLucky the Caller (Tengu Summoner)             Turns: 3949, Time: 00:20:01

Health: -17/28     AC:  4    Str:  8    XL:     5   Next: 55%
Magic:  11/11      EV: 12    Int: 20    God:
Gold:   150        SH:  0    Dex: 18    Spells: 5/11 levels left

rFire    . . .     SeeInvis .   z - +4 dagger "Lorem Ipsum" {elec, +Rage rPois Int+3 Dex+4}
rCold    . . .     Faith    .   (no shield)
rNeg     . . .     Spirit   .   m - +0 leather armour
rPois    +         Reflect  .   (helmet restricted)
rElec    .         Harm     .   (no cloak)
rCorr    .         Rampage  .   e - +0 pair of gloves
MR       .....                  (boots unavailable)
Stlth    ++........             (no amulet)
HPRegen  0.09/turn              (no ring)
MPRegen  0.12/turn              (no ring)

@: no status effects
A: beak, talons 3, able to fly
a: Fly, Evoke Berserk Rage


You were on level 4 of the Dungeon.
You visited 1 branch of the dungeon, and saw 4 of its levels.

You collected 150 gold pieces.

Inventory:

Hand Weapons
 y - a +0 trident
 z - the +4 dagger "Lorem Ipsum" (weapon) {elec, +Rage rPois Int+3 Dex+4}
   (You found it on level 4 of the Dungeon)

   Occasionally, upon striking a foe, it will discharge some electrical energy
   and cause terrible harm.
   It affects your intelligence (+3).
   It affects your dexterity (+4).
   It protects you from poison.
   It lets you go berserk.
Missiles
 b - 23 poisoned darts (quivered)
 h - 61 stones
Armour
 a - a +0 robe
 e - a +0 pair of gloves (worn)
 m - a +0 leather armour (worn)
Jewellery
 q - an uncursed ring of flight {unknown}
 x - an uncursed ring of ice {unknown}
Scrolls
 d - 3 scrolls of immolation
 g - 2 scrolls of remove curse
 i - 2 scrolls of teleportation {unknown}
 l - 3 scrolls of identify
 n - a scroll of amnesia {unknown}
 t - a scroll of noise {unknown}
 u - a scroll of blinking {unknown}
 w - a scroll of enchant weapon
Potions
 c - 3 potions of flight {unknown}
 f - a potion of might {unknown}
 j - 3 potions of heal wounds {unknown}
 k - 2 potions of curing
 o - a potion of cancellation {unknown}
 p - a potion of brilliance {unknown}
 r - 3 potions of mutation {unknown}
 s - a potion of resistance {unknown}
 v - a potion of stabbing {unknown}


   Skills:
 + Level 0.3 Short Blades
 - Level 2.1 Polearms
 - Level 2.1 Dodging
 - Level 2.0 Stealth
 + Level 3.6 Spellcasting
 + Level 6.2 Summonings


You had 5 spell levels left.
You knew the following spells:

 Your Spells              Type           Power        Failure   Level
a - Summon Small Mammal   Summ           ####         1%          1
b - Call Imp              Summ           ####....     2%          2
c - Call Canine Familiar  Summ           ####....     4%          3

Your spell library contained the following spells:

 Spells                   Type           Power        Failure   Level
 Summon Guardian Golem    Hex/Summ       ###.....     16%         3
 Summon Ice Beast         Ice/Summ       ###.....     47%         4
 Summon Lightning Spire   Summ/Air       ###.....     47%         4


Dungeon Overview and Level Annotations

Branches:
Dungeon (4/15)
 Temple: D:4-7

Altars:


Innate Abilities, Weirdness & Mutations

You have a beak for a mouth.
You have claws for feet.
You can fly continuously.


Message History

The orc wizard casts a spell.
The orc wizard blinks!
Items here: )) [ †.
The orc wizard gestures wildly while chanting.
The orc wizard blinks!
You see here a +0 club.
You barely miss the orc wizard.
The orc wizard is heavily wounded.
The orc wizard hits you but does no damage.
You hit the orc wizard but do no damage.
You claw the orc wizard, but do no damage.
The orc wizard is heavily wounded.
The orc wizard barely misses you. The ogre closely misses you.
The orc wizard closely misses you.
You closely miss the orc wizard. Your peck misses the orc wizard.
The orc wizard is heavily wounded.
The orc wizard misses you.
The ogre hits you with a cursed -2 giant club!!
Ouch! That really hurt!
You die...

#.####.#.#
#.#
#......#.#
#o#
########.#
#.# #......#
#.# #.######
#§# #.# #.#
#.# #.#
#.#########.#
#..o@O......#
#############


You could see an ogre and an orc wizard (fast).

Vanquished Creatures
  2 adders (D:3)
  A worm (D:3)
  A leopard gecko (D:2)
  6 orcs
  A giant cockroach (D:4)
  A goblin (D:3)
  A jackal (D:2)
  A quokka (D:4)
  6 bats
  2 kobolds
  2 rats
24 creatures vanquished.

Vanquished Creatures (collateral kills)
  2 orc priests
  An orc wizard (D:3)
  4 adders
  2 worms (D:3)
  A dart slug (D:1)
  2 leopard geckos
  12 orcs
  A bat (D:3)
  A giant cockroach (D:2)
  4 goblins
  6 hobgoblins
  3 jackals
  A quokka (D:2)
  2 ball pythons
  3 frilled lizards
  6 kobolds
  10 rats
61 creatures vanquished.

Grand Total: 85 creatures vanquished

Notes
Turn   | Place    | Note
-------+----------+-------------------------------------------
     0 | D:1      | DoubleLucky the Tengu Summoner began the quest for the Orb.
     0 | D:1      | Reached XP level 1. HP: 10/10 MP: 4/4
   302 | D:1      | Reached skill level 5 in Summonings
   543 | D:1      | Reached XP level 2. HP: 9/15 MP: 1/6
   658 | D:1      | Learned a level 2 spell: Call Imp
  1279 | D:2      | Reached XP level 3. HP: 19/19 MP: 2/7
  2188 | D:3      | Learned a level 3 spell: Call Canine Familiar
  2352 | D:3      | Reached XP level 4. HP: 22/24 MP: 3/9
  2652 | D:3      | Reached skill level 1 in Polearms
  2853 | D:3      | Reached skill level 6 in Summonings
  2995 | D:3      | Gained mutation: You can fly continuously. [Tengu growth]
  2995 | D:3      | Reached XP level 5. HP: 19/28 MP: 5/11
  3849 | D:4      | Got a masterwork dagger
  3849 | D:4      | Identified the +4 dagger "Lorem Ipsum" {elec, +Rage rPois
                  | Int+3 Dex+4} (You found it on level 4 of the Dungeon)
  3862 | D:4      | Noticed an ogre
  3949 | D:4      | Demolished by an ogre

Illustrated notes

Levels and vault maps discovered:
D:1:      matt_arrival_refuge, layout_basic
D:2:      layout_loops_ring
D:3:      minmay_inner_zag, layout_basic
D:4:      layout_basic, minmay_temple_entry_tees, uniq_blork_the_orc,
          uniq_eustachio, uniq_natasha

Skill      XL: |  1  2  3  4  5 |
---------------+----------------+-----
Summonings     | 5 6 |  6.2
Spellcasting   | 3 |  3.6
Polearms       | 1 2 |  2.1
Short Blades   | |  0.3
Dodging        | |  2.1
Stealth        | |  2.0

Action                   |  1- 3 |  4- 6 || total
-------------------------+-------+-------++-------
Melee: Dagger            |    21 |     8 ||    29
       Peck              |     5 |     7 ||    12
       Kick              |     7 |    17 ||    24
       Spear             |    12 |    58 ||    70
       Trident           |       |     4 ||     4
 Cast: Summon Small Mamm |    45 |    24 ||    69
       Call Imp          |    25 |    15 ||    40
       Call Canine Famil |       |     7 ||     7
  Use: Scroll            |     4 |       ||     4
 Stab: Sleeping          |     1 |       ||     1
       Distracted        |       |     3 ||     3
Armor: Robe              |     5 |       ||     5
       Leather armour    |     2 |     6 ||     8
Dodge: Dodged            |    23 |    40 ||    63

Table legend: (Time is in decaauts)
 A = Elapsed time spent in this place.
 B = Non-inter-level travel time spent in this place.
 C = Inter-level travel time spent in this place.
 D = Time resting spent in this place.
 E = Time spent auto-exploring this place.
 F = Levels seen in this place.
 G = Mean time per level.
                   A        B        C        D        E       F      G
               +--------+--------+--------+--------+--------+-----+--------+
         Total |   3955 |   3809 |    146 |    640 |   1914 |   4 |  988.8 |
       Dungeon |   3955 |   3809 |    146 |    640 |   1914 |   4 |  988.8 |
               +--------+--------+--------+--------+--------+-----+--------+

Top non-repeatable levels by time:
     D:3: 1516 daAuts
     D:2: 1311 daAuts
     D:1: 867 daAuts
     D:4: 260 daAuts
